[ AOE2 MATCH · #479875997 ]
UnrankedAztecs vs Poles
[ REPLAY ANALYSIS · EXTRACTED FROM THE RECORDED GAME ]
Feudal
18:24
Castle
33:00
Imperial
—
| APM avg | 14.3 |
| APM peak | 43 |
| eAPM avg | 7.2 |
| Villagers / military | 60 / 25 |
Focus
⚔️ 29.9% · 🌾 70.1%
Eagle Scout ×18 · Spearman ×7
Feudal
15:12
Castle
19:32
Imperial
—
| APM avg | 18.8 |
| APM peak | 41 |
| eAPM avg | 10.8 |
| Villagers / military | 75 / 68 |
Focus
⚔️ 37.0% · 🌾 63.0%
Archer ×27 · Shotel Warrior ×25 · Militia ×16
Feudal
17:31
Castle
28:32
Imperial
—
| APM avg | 16.6 |
| APM peak | 39 |
| eAPM avg | 9.5 |
| Villagers / military | 80 / 49 |
Focus
⚔️ 25.8% · 🌾 74.2%
Militia ×31 · Spearman ×12 · Knight ×6
Feudal
12:03
Castle
23:12
Imperial
31:12
| APM avg | 25.1 |
| APM peak | 48 |
| eAPM avg | 15.5 |
| Villagers / military | 118 / 111 |
Focus
⚔️ 28.0% · 🌾 72.0%
Knight ×97 · Trebuchet (Packed) ×6 · Battering Ram ×5 · Petard ×2 · Monk ×1
Feudal
13:30
Castle
21:10
Imperial
40:16
| APM avg | 10.3 |
| APM peak | 36 |
| eAPM avg | 8.2 |
| Villagers / military | 86 / 11 |
Focus
⚔️ 12.9% · 🌾 87.1%
Coustillier ×10 · Monk ×1
Feudal
14:56
Castle
19:10
Imperial
38:45
| APM avg | 24.9 |
| APM peak | 48 |
| eAPM avg | 16.2 |
| Villagers / military | 129 / 75 |
Focus
⚔️ 24.0% · 🌾 76.0%
Knight ×72 · Trebuchet (Packed) ×3
Feudal
13:14
Castle
17:51
Imperial
—
| APM avg | 21.4 |
| APM peak | 114 |
| eAPM avg | 15.3 |
| Villagers / military | 69 / 9 |
Focus
⚔️ 19.9% · 🌾 80.1%
Mangudai ×4 · Monk ×3 · Mangonel ×2
Feudal
15:54
Castle
19:34
Imperial
—
| APM avg | 24.1 |
| APM peak | 71 |
| eAPM avg | 13.2 |
| Villagers / military | 49 / 8 |
Focus
⚔️ 27.7% · 🌾 72.3%
War Wagon ×6 · Battering Ram ×2
Match map
Initial resources + every placement click. Lines = walls · curves = elevation contours. ◆ gold · ⬟ stone · ● berries · ✦ relic · ◌ wall gap
Your base· Open — unwalled flank
IcedTrain's base· Open — unwalled flank
speks's base· Open — 11t gap
tugou's base· Open — unwalled flank
emp2007's base· Open — unwalled flank
Ripper's base· Open — 12t gap
tanbasu12345's base· Open — unwalled flank
An's base· Open — unwalled flank
Smoothed initial terrain · ◌ = detected wall gap · hover for details
Inputs per minute
— KangaRUU - - IcedTrain
Build order — KangaRUU
First 150 of 164 actions detected
| 0:55 | Build | Town Center |
| 3:09 | Create | Villager (Male) |
| 3:09 | Create | Villager (Male) |
| 3:09 | Create | Villager (Male) |
| 3:10 | Create | Villager (Male) |
| 3:10 | Create | Villager (Male) |
| 3:10 | Create | Villager (Male) |
| 3:22 | Build | House |
| 3:23 | Build | House |
| 4:45 | Build | House |
| 4:50 | Build | House |
| 4:51 | Build | House |
| 5:05 | Create | Villager (Male) |
| 5:05 | Create | Villager (Male) |
| 5:42 | Create | Villager (Male) |
| 5:43 | Create | Villager (Male) |
| 5:43 | Create | Villager (Male) |
| 7:04 | Build | Palisade Wall |
| 7:17 | Build | Palisade Wall |
| 7:39 | Create | Villager (Male) |
| 7:40 | Create | Villager (Male) |
| 7:40 | Create | Villager (Male) |
| 7:40 | Create | Villager (Male) |
| 7:59 | Build | Lumber Camp |
| 11:10 | Build | Mill |
| 11:15 | Create | Villager (Male) |
| 11:15 | Create | Villager (Male) |
| 11:15 | Create | Villager (Male) |
| 11:16 | Create | Villager (Male) |
| 11:16 | Create | Villager (Male) |
| 11:16 | Create | Villager (Male) |
| 11:16 | Create | Villager (Male) |
| 12:34 | Build | Farm |
| 13:00 | Build | Farm |
| 13:25 | Build | Farm |
| 13:53 | Build | Farm |
| 14:31 | Create | Villager (Male) |
| 14:31 | Create | Villager (Male) |
| 14:51 | Build | Farm |
| 14:52 | Build | Farm |
| 14:54 | Build | Farm |
| 14:56 | Build | Farm |
| 14:57 | Build | Farm |
| 15:40 | Build | House |
| 15:41 | Build | House |
| 15:42 | Build | House |
| 15:57 | Build | Palisade Wall |
| 16:14 | Research | Feudal Age |
| 17:55 | Build | House |
| 17:56 | Build | House |
| 17:57 | Build | House |
| 17:59 | Build | House |
| 18:07 | Create | Villager (Male) |
| 18:08 | Create | Villager (Male) |
| 18:23 | Create | Villager (Male) |
| 18:24 | Create | Villager (Male) |
| 18:24 | Age | Feudal Age |
| 18:24 | Create | Villager (Male) |
| 18:24 | Create | Villager (Male) |
| 18:24 | Create | Villager (Male) |
| 18:25 | Create | Villager (Male) |
| 18:25 | Create | Villager (Male) |
| 18:43 | Research | Horse Collar |
| 19:00 | Build | Mining Camp |
| 19:17 | Research | Loom |
| 19:21 | Create | Villager (Male) |
| 19:22 | Create | Villager (Male) |
| 19:39 | Build | Stone Wall |
| 19:42 | Build | Stone Wall |
| 19:56 | Create | Villager (Male) |
| 19:56 | Create | Villager (Male) |
| 19:56 | Create | Villager (Male) |
| 19:57 | Create | Villager (Male) |
| 20:30 | Build | Stone Wall |
| 20:38 | Build | Stone Wall |
| 21:05 | Build | Stone Wall |
| 21:07 | Build | Stone Wall |
| 21:09 | Build | Stone Wall |
| 21:27 | Build | Stone Wall |
| 21:32 | Create | Villager (Male) |
| 21:32 | Create | Villager (Male) |
| 21:32 | Create | Villager (Male) |
| 21:38 | Research | Double-Bit Axe |
| 21:58 | Build | Barracks |
| 22:29 | Build | Mining Camp |
| 22:39 | Build | Farm |
| 22:40 | Build | Farm |
| 23:05 | Create | Eagle Scout |
| 24:23 | Research | Gold Mining |
| 24:27 | Research | Stone Mining |
| 24:29 | Research | Wheelbarrow |
| 24:31 | Research | Town Watch |
| 24:40 | Build | Lumber Camp |
| 25:42 | Build | Stone Wall |
| 26:00 | Create | Eagle Scout |
| 26:00 | Create | Eagle Scout |
| 26:01 | Create | Eagle Scout |
| 26:01 | Create | Eagle Scout |
| 26:10 | Build | Farm |
| 26:35 | Create | Villager (Male) |
| 26:36 | Create | Villager (Male) |
| 26:36 | Create | Villager (Male) |
| 26:36 | Create | Villager (Male) |
| 26:36 | Create | Villager (Male) |
| 26:36 | Create | Villager (Male) |
| 26:37 | Create | Villager (Male) |
| 26:37 | Create | Villager (Male) |
| 26:37 | Create | Villager (Male) |
| 26:38 | Create | Villager (Male) |
| 27:30 | Build | Farm |
| 27:34 | Build | Farm |
| 27:40 | Create | Eagle Scout |
| 27:40 | Create | Eagle Scout |
| 27:40 | Create | Eagle Scout |
| 27:41 | Create | Eagle Scout |
| 27:41 | Create | Eagle Scout |
| 28:01 | Build | Gate |
| 28:20 | Build | Farm |
| 28:25 | Build | Farm |
| 29:05 | Build | Farm |
| 29:15 | Build | Market |
| 29:22 | Build | Blacksmith |
| 29:31 | Build | Farm |
| 29:38 | Build | Farm |
| 30:18 | Research | Castle Age |
| 30:23 | Build | Farm |
| 30:44 | Build | Mining Camp |
| 31:05 | Build | Farm |
| 31:55 | Research | Scale Mail Armor |
| 31:57 | Research | Forging |
| 32:51 | Create | Eagle Scout |
| 32:51 | Create | Eagle Scout |
| 32:52 | Create | Eagle Scout |
| 32:52 | Create | Eagle Scout |
| 32:52 | Create | Eagle Scout |
| 32:52 | Create | Eagle Scout |
| 32:53 | Create | Eagle Scout |
| 32:53 | Create | Eagle Scout |
| 33:00 | Create | Villager (Male) |
| 33:00 | Create | Villager (Male) |
| 33:00 | Create | Villager (Male) |
| 33:00 | Create | Villager (Male) |
| 33:00 | Age | Castle Age |
| 33:01 | Create | Villager (Male) |
| 33:01 | Create | Villager (Male) |
| 33:01 | Create | Villager (Male) |
| 33:01 | Create | Villager (Male) |
| 33:07 | Build | Castle |
| 33:46 | Research | Squires |
| 33:47 | Research | Pikeman (upgrade) |
Build order — IcedTrain
First 150 of 227 actions detected
| 0:37 | Build | Town Center |
| 1:51 | Build | House |
| 2:41 | Create | Villager (Male) |
| 2:41 | Create | Villager (Male) |
| 2:41 | Create | Villager (Male) |
| 2:49 | Create | Villager (Male) |
| 2:56 | Build | House |
| 3:33 | Research | Loom |
| 3:38 | Build | House |
| 4:00 | Create | Villager (Male) |
| 4:25 | Create | Villager (Male) |
| 4:45 | Create | Villager (Male) |
| 5:32 | Create | Villager (Male) |
| 6:11 | Create | Villager (Male) |
| 6:26 | Create | Villager (Male) |
| 6:26 | Create | Villager (Male) |
| 7:02 | Create | Villager (Male) |
| 7:28 | Create | Villager (Male) |
| 7:28 | Create | Villager (Male) |
| 7:49 | Create | Villager (Male) |
| 7:49 | Create | Villager (Male) |
| 8:09 | Create | Villager (Male) |
| 9:02 | Create | Villager (Male) |
| 9:02 | Create | Villager (Male) |
| 9:03 | Create | Villager (Male) |
| 9:03 | Create | Villager (Male) |
| 9:30 | Build | House |
| 9:46 | Create | Villager (Male) |
| 9:46 | Create | Villager (Male) |
| 9:47 | Create | Villager (Male) |
| 10:37 | Create | Villager (Male) |
| 10:37 | Create | Villager (Male) |
| 10:51 | Create | Villager (Male) |
| 10:52 | Create | Villager (Male) |
| 11:35 | Create | Villager (Male) |
| 12:02 | Build | Lumber Camp |
| 12:12 | Build | Mill |
| 13:02 | Research | Feudal Age |
| 14:00 | Build | Barracks |
| 14:40 | Build | House |
| 14:41 | Build | House |
| 14:53 | Create | Militia |
| 15:00 | Create | Villager (Male) |
| 15:00 | Create | Villager (Male) |
| 15:00 | Create | Villager (Male) |
| 15:12 | Age | Feudal Age |
| 15:29 | Build | Market |
| 15:37 | Build | Blacksmith |
| 16:04 | Create | Villager (Male) |
| 16:35 | Research | Castle Age |
| 17:21 | Create | Militia |
| 18:16 | Build | Mining Camp |
| 18:28 | Create | Militia |
| 18:29 | Create | Militia |
| 19:25 | Research | Stone Mining |
| 19:29 | Research | Double-Bit Axe |
| 19:32 | Age | Castle Age |
| 19:36 | Research | Man-at-Arms (upgrade) |
| 19:48 | Build | Town Center |
| 19:56 | Research | Bow Saw |
| 20:03 | Research | Horse Collar |
| 20:11 | Build | Town Center |
| 20:36 | Create | Militia |
| 20:36 | Create | Militia |
| 21:18 | Create | Militia |
| 21:26 | Create | Villager (Male) |
| 21:27 | Create | Villager (Male) |
| 21:29 | Create | Villager (Male) |
| 21:29 | Create | Villager (Male) |
| 21:44 | Research | Squires |
| 21:54 | Research | Scale Mail Armor |
| 22:12 | Research | Forging |
| 22:39 | Research | Heavy Plow |
| 22:58 | Build | Farm |
| 22:59 | Build | Farm |
| 22:59 | Build | Farm |
| 23:01 | Build | Farm |
| 23:02 | Build | Farm |
| 23:08 | Build | Farm |
| 23:44 | Create | Militia |
| 24:00 | Build | Farm |
| 24:01 | Build | Farm |
| 24:02 | Build | Farm |
| 24:03 | Build | Farm |
| 24:05 | Build | Farm |
| 24:06 | Build | Farm |
| 24:23 | Build | House |
| 24:24 | Build | House |
| 24:25 | Build | House |
| 24:30 | Create | Militia |
| 24:30 | Create | Militia |
| 24:41 | Build | Farm |
| 24:42 | Build | Farm |
| 24:44 | Build | Farm |
| 24:45 | Build | Farm |
| 24:49 | Create | Militia |
| 25:20 | Build | Archery Range |
| 25:24 | Create | Villager (Male) |
| 25:24 | Create | Villager (Male) |
| 25:36 | Create | Villager (Male) |
| 25:40 | Create | Villager (Male) |
| 25:41 | Create | Villager (Male) |
| 25:51 | Create | Villager (Male) |
| 25:51 | Create | Villager (Male) |
| 26:05 | Research | Fletching |
| 26:08 | Create | Archer |
| 26:17 | Create | Villager (Male) |
| 26:20 | Create | Villager (Male) |
| 26:26 | Build | House |
| 26:26 | Build | House |
| 26:28 | Build | House |
| 26:50 | Create | Archer |
| 27:04 | Build | House |
| 27:05 | Build | House |
| 27:08 | Build | House |
| 27:09 | Build | House |
| 27:15 | Create | Villager (Male) |
| 27:18 | Create | Archer |
| 27:24 | Create | Villager (Male) |
| 27:33 | Create | Villager (Male) |
| 27:35 | Research | Wheelbarrow |
| 27:37 | Create | Villager (Male) |
| 27:41 | Create | Archer |
| 28:05 | Build | Farm |
| 28:08 | Build | Farm |
| 28:19 | Create | Archer |
| 28:25 | Research | Long Swordsman (upgrade) |
| 28:37 | Research | Bodkin Arrow |
| 28:46 | Create | Archer |
| 28:54 | Create | Villager (Male) |
| 29:06 | Create | Villager (Male) |
| 29:18 | Build | Archery Range |
| 29:36 | Research | Gold Mining |
| 29:42 | Research | Crossbowman (upgrade) |
| 29:51 | Create | Villager (Male) |
| 29:54 | Create | Villager (Male) |
| 30:18 | Create | Archer |
| 30:19 | Create | Archer |
| 30:23 | Research | Chain Mail Armor |
| 30:36 | Create | Archer |
| 30:37 | Create | Archer |
| 31:26 | Research | Thumb Ring |
| 31:29 | Create | Archer |
| 31:29 | Create | Archer |
| 31:34 | Create | Militia |
| 31:34 | Create | Militia |
| 31:52 | Create | Villager (Male) |
| 31:52 | Create | Villager (Male) |
| 31:55 | Create | Villager (Male) |
| 32:03 | Create | Militia |
Build order — speks
First 150 of 228 actions detected
| 0:08 | Build | Town Center |
| 2:35 | Build | House |
| 2:36 | Build | House |
| 2:40 | Create | Villager (Male) |
| 2:40 | Create | Villager (Male) |
| 2:40 | Create | Villager (Male) |
| 3:15 | Create | Villager (Male) |
| 3:15 | Create | Villager (Male) |
| 3:55 | Build | Lumber Camp |
| 4:19 | Research | Loom |
| 4:35 | Create | Villager (Male) |
| 4:35 | Create | Villager (Male) |
| 4:35 | Create | Villager (Male) |
| 5:08 | Create | Villager (Male) |
| 5:08 | Create | Villager (Male) |
| 5:45 | Create | Villager (Male) |
| 5:45 | Create | Villager (Male) |
| 5:45 | Create | Villager (Male) |
| 6:17 | Build | House |
| 6:18 | Build | House |
| 6:20 | Build | House |
| 6:42 | Create | Villager (Male) |
| 6:42 | Create | Villager (Male) |
| 6:53 | Create | Villager (Male) |
| 6:53 | Create | Villager (Male) |
| 7:20 | Build | Barracks |
| 7:27 | Create | Villager (Male) |
| 7:27 | Create | Villager (Male) |
| 7:56 | Create | Villager (Male) |
| 7:57 | Create | Villager (Male) |
| 8:26 | Build | Mill |
| 8:39 | Create | Villager (Male) |
| 8:39 | Create | Villager (Male) |
| 9:23 | Create | Villager (Male) |
| 9:23 | Create | Villager (Male) |
| 9:47 | Create | Villager (Male) |
| 9:47 | Create | Villager (Male) |
| 10:34 | Create | Villager (Male) |
| 10:36 | Create | Villager (Male) |
| 10:44 | Create | Villager (Male) |
| 11:15 | Build | Mining Camp |
| 11:49 | Create | Villager (Male) |
| 11:58 | Build | Farm |
| 12:14 | Create | Militia |
| 12:15 | Create | Militia |
| 12:25 | Build | Farm |
| 12:27 | Create | Villager (Male) |
| 12:35 | Build | Farm |
| 12:37 | Build | Farm |
| 12:38 | Build | Farm |
| 12:40 | Build | Farm |
| 12:41 | Build | Farm |
| 12:42 | Build | Farm |
| 12:52 | Build | House |
| 12:55 | Build | House |
| 12:56 | Build | House |
| 13:25 | Create | Villager (Male) |
| 13:25 | Create | Villager (Male) |
| 14:06 | Build | Farm |
| 14:06 | Build | Farm |
| 14:08 | Build | Farm |
| 14:11 | Build | Farm |
| 14:23 | Build | Palisade Wall |
| 14:28 | Build | Palisade Wall |
| 14:34 | Build | Palisade Wall |
| 14:56 | Build | Palisade Gate |
| 15:21 | Research | Feudal Age |
| 15:47 | Create | Militia |
| 15:47 | Create | Militia |
| 15:53 | Create | Villager (Male) |
| 15:53 | Create | Villager (Male) |
| 16:21 | Create | Militia |
| 16:21 | Create | Militia |
| 16:33 | Build | Palisade Wall |
| 16:47 | Build | Palisade Wall |
| 16:53 | Build | Palisade Gate |
| 17:08 | Create | Militia |
| 17:08 | Create | Militia |
| 17:31 | Age | Feudal Age |
| 17:40 | Research | Horse Collar |
| 17:42 | Research | Double-Bit Axe |
| 17:53 | Research | Man-at-Arms (upgrade) |
| 17:59 | Create | Villager (Male) |
| 18:00 | Create | Villager (Male) |
| 18:03 | Create | Villager (Male) |
| 18:35 | Build | Blacksmith |
| 19:07 | Research | Wheelbarrow |
| 19:14 | Create | Spearman |
| 19:14 | Create | Spearman |
| 19:14 | Create | Spearman |
| 19:14 | Create | Spearman |
| 19:21 | Build | House |
| 19:23 | Build | House |
| 19:24 | Build | House |
| 19:25 | Build | House |
| 19:25 | Build | House |
| 19:52 | Build | Stone Wall |
| 19:56 | Create | Villager (Male) |
| 19:56 | Create | Villager (Male) |
| 19:56 | Create | Villager (Male) |
| 20:47 | Create | Villager (Male) |
| 20:48 | Create | Villager (Male) |
| 20:48 | Create | Villager (Male) |
| 20:55 | Research | Scale Mail Armor |
| 22:01 | Build | Farm |
| 22:02 | Build | Farm |
| 22:04 | Create | Villager (Male) |
| 22:04 | Create | Villager (Male) |
| 22:10 | Build | Market |
| 22:31 | Create | Militia |
| 22:31 | Create | Militia |
| 22:43 | Build | Farm |
| 22:44 | Build | Farm |
| 23:04 | Build | Watch Tower |
| 23:12 | Research | Gold Mining |
| 23:19 | Build | Farm |
| 23:23 | Build | Farm |
| 23:33 | Build | Lumber Camp |
| 23:35 | Create | Villager (Male) |
| 23:35 | Create | Villager (Male) |
| 23:47 | Build | Farm |
| 24:05 | Build | Stone Wall |
| 24:16 | Create | Villager (Male) |
| 24:16 | Create | Villager (Male) |
| 24:18 | Create | Villager (Male) |
| 24:22 | Build | Farm |
| 24:40 | Build | Farm |
| 25:02 | Build | Farm |
| 25:06 | Build | Farm |
| 25:07 | Build | Farm |
| 25:09 | Create | Villager (Male) |
| 25:10 | Create | Villager (Male) |
| 25:44 | Research | Castle Age |
| 26:00 | Build | Stable |
| 26:04 | Research | Forging |
| 26:09 | Create | Militia |
| 26:09 | Create | Militia |
| 26:09 | Create | Militia |
| 26:12 | Create | Militia |
| 26:12 | Create | Militia |
| 26:39 | Create | Villager (Male) |
| 26:40 | Create | Villager (Male) |
| 27:01 | Build | Barracks |
| 27:32 | Research | Fletching |
| 27:35 | Create | Militia |
| 27:35 | Create | Militia |
| 27:36 | Create | Militia |
| 27:39 | Create | Spearman |
| 27:39 | Create | Spearman |
| 27:51 | Build | Mining Camp |
Build order — tugou
First 150 of 331 actions detected
| 0:37 | Build | Town Center |
| 2:22 | Create | Villager (Male) |
| 2:22 | Create | Villager (Male) |
| 2:22 | Create | Villager (Male) |
| 2:30 | Build | House |
| 2:34 | Create | Villager (Male) |
| 3:25 | Create | Villager (Male) |
| 3:25 | Create | Villager (Male) |
| 4:00 | Create | Villager (Male) |
| 4:34 | Build | House |
| 4:46 | Create | Villager (Male) |
| 4:46 | Create | Villager (Male) |
| 4:46 | Create | Villager (Male) |
| 5:07 | Research | Loom |
| 5:07 | Research | Loom |
| 5:41 | Create | Villager (Male) |
| 5:41 | Create | Villager (Male) |
| 5:41 | Create | Villager (Male) |
| 6:05 | Create | Villager (Male) |
| 6:06 | Create | Villager (Male) |
| 6:06 | Create | Villager (Male) |
| 6:39 | Build | House |
| 6:49 | Create | Villager (Male) |
| 6:49 | Create | Villager (Male) |
| 7:05 | Create | Villager (Male) |
| 7:05 | Create | Villager (Male) |
| 7:34 | Build | Lumber Camp |
| 8:13 | Create | Villager (Male) |
| 8:14 | Create | Villager (Male) |
| 8:14 | Create | Villager (Male) |
| 8:55 | Build | Mill |
| 9:53 | Research | Feudal Age |
| 9:53 | Research | Feudal Age |
| 10:57 | Build | House |
| 10:58 | Build | House |
| 12:03 | Age | Feudal Age |
| 12:05 | Build | House |
| 12:12 | Research | Town Watch |
| 12:12 | Create | Villager (Male) |
| 12:12 | Create | Villager (Male) |
| 12:24 | Build | Town Center |
| 13:11 | Research | Double-Bit Axe |
| 13:12 | Research | Double-Bit Axe |
| 13:31 | Create | Villager (Male) |
| 13:31 | Create | Villager (Male) |
| 14:01 | Create | Villager (Male) |
| 14:10 | Build | House |
| 14:29 | Build | Mill |
| 14:32 | Create | Villager (Male) |
| 14:34 | Create | Villager (Male) |
| 14:55 | Research | Horse Collar |
| 14:55 | Research | Horse Collar |
| 14:55 | Research | Horse Collar |
| 14:57 | Create | Villager (Male) |
| 14:59 | Create | Villager (Male) |
| 15:23 | Create | Villager (Male) |
| 15:24 | Create | Villager (Male) |
| 15:25 | Create | Villager (Male) |
| 15:41 | Build | House |
| 15:42 | Build | House |
| 15:56 | Build | Farm |
| 15:57 | Build | Farm |
| 15:58 | Build | Farm |
| 15:59 | Build | Farm |
| 16:01 | Build | Farm |
| 16:03 | Build | Farm |
| 16:04 | Build | Farm |
| 16:25 | Build | Farm |
| 16:26 | Build | Farm |
| 16:28 | Build | Farm |
| 16:31 | Create | Villager (Male) |
| 16:31 | Create | Villager (Male) |
| 16:32 | Create | Villager (Male) |
| 16:32 | Create | Villager (Male) |
| 16:32 | Create | Villager (Male) |
| 16:33 | Create | Villager (Male) |
| 16:33 | Create | Villager (Male) |
| 16:33 | Create | Villager (Male) |
| 16:48 | Build | Farm |
| 16:54 | Create | Villager (Male) |
| 17:18 | Build | Farm |
| 17:21 | Build | Farm |
| 17:23 | Build | Farm |
| 17:28 | Create | Villager (Male) |
| 17:28 | Create | Villager (Male) |
| 17:29 | Create | Villager (Male) |
| 17:29 | Create | Villager (Male) |
| 17:29 | Create | Villager (Male) |
| 17:30 | Create | Villager (Male) |
| 17:36 | Build | Farm |
| 18:04 | Build | Blacksmith |
| 18:10 | Create | Villager (Male) |
| 18:10 | Create | Villager (Male) |
| 18:10 | Create | Villager (Male) |
| 18:10 | Create | Villager (Male) |
| 18:16 | Research | Wheelbarrow |
| 18:16 | Research | Wheelbarrow |
| 18:44 | Build | House |
| 18:52 | Build | House |
| 19:04 | Build | Mining Camp |
| 19:12 | Create | Villager (Male) |
| 19:13 | Create | Villager (Male) |
| 19:23 | Build | Market |
| 19:27 | Build | House |
| 19:29 | Build | House |
| 19:30 | Build | House |
| 19:46 | Create | Villager (Male) |
| 19:46 | Create | Villager (Male) |
| 19:46 | Create | Villager (Male) |
| 19:58 | Build | Lumber Camp |
| 20:04 | Build | Farm |
| 20:05 | Build | Farm |
| 20:32 | Research | Castle Age |
| 20:32 | Research | Castle Age |
| 20:52 | Build | House |
| 20:53 | Build | House |
| 21:02 | Build | Farm |
| 21:05 | Build | Farm |
| 21:16 | Research | Gold Mining |
| 21:16 | Research | Gold Mining |
| 21:18 | Research | Stone Mining |
| 21:18 | Research | Stone Mining |
| 21:32 | Build | Lumber Camp |
| 21:54 | Create | Villager (Male) |
| 21:55 | Create | Villager (Male) |
| 21:55 | Create | Villager (Male) |
| 21:55 | Create | Villager (Male) |
| 21:56 | Create | Villager (Male) |
| 21:56 | Create | Villager (Male) |
| 21:56 | Create | Villager (Male) |
| 23:12 | Age | Castle Age |
| 23:15 | Build | Town Center |
| 23:19 | Research | Hand Cart |
| 23:19 | Research | Hand Cart |
| 23:28 | Build | Town Center |
| 23:35 | Research | Bow Saw |
| 23:35 | Research | Bow Saw |
| 23:38 | Research | Heavy Plow |
| 23:53 | Build | Mill |
| 23:57 | Build | Farm |
| 23:58 | Build | Farm |
| 23:58 | Build | Farm |
| 23:58 | Build | Farm |
| 23:59 | Build | Farm |
| 23:59 | Build | Farm |
| 23:59 | Build | Farm |
| 24:00 | Build | Farm |
| 24:30 | Research | Gold Shaft Mining |
| 24:31 | Research | Gold Shaft Mining |
| 24:38 | Create | Villager (Male) |
Build order — emp2007
First 150 of 169 actions detected
| 0:46 | Build | Town Center |
| 1:19 | Build | House |
| 2:49 | Create | Villager (Male) |
| 2:50 | Create | Villager (Male) |
| 2:50 | Create | Villager (Male) |
| 2:50 | Create | Villager (Male) |
| 2:50 | Create | Villager (Male) |
| 3:57 | Create | Villager (Male) |
| 4:24 | Create | Villager (Male) |
| 5:02 | Build | House |
| 5:08 | Build | House |
| 5:09 | Build | House |
| 5:18 | Create | Villager (Male) |
| 5:30 | Create | Villager (Male) |
| 5:30 | Create | Villager (Male) |
| 6:00 | Build | Mill |
| 6:03 | Create | Villager (Male) |
| 6:41 | Create | Villager (Male) |
| 7:00 | Create | Villager (Male) |
| 7:00 | Create | Villager (Male) |
| 7:53 | Build | Lumber Camp |
| 8:08 | Create | Villager (Male) |
| 8:09 | Create | Villager (Male) |
| 8:11 | Create | Villager (Male) |
| 9:20 | Create | Villager (Male) |
| 9:21 | Create | Villager (Male) |
| 9:22 | Create | Villager (Male) |
| 10:57 | Build | Mill |
| 11:20 | Research | Feudal Age |
| 12:45 | Build | House |
| 12:49 | Build | House |
| 12:51 | Build | House |
| 12:56 | Build | Mining Camp |
| 13:30 | Age | Feudal Age |
| 13:38 | Research | Double-Bit Axe |
| 13:41 | Create | Villager (Male) |
| 13:42 | Create | Villager (Male) |
| 13:43 | Create | Villager (Male) |
| 13:50 | Research | Horse Collar |
| 13:59 | Research | Town Watch |
| 14:10 | Create | Villager (Male) |
| 14:10 | Create | Villager (Male) |
| 14:11 | Create | Villager (Male) |
| 14:13 | Create | Villager (Male) |
| 14:13 | Create | Villager (Male) |
| 14:29 | Build | Mill |
| 15:59 | Build | Market |
| 16:05 | Build | Blacksmith |
| 17:39 | Build | Mining Camp |
| 18:30 | Research | Castle Age |
| 19:07 | Build | Farm |
| 19:07 | Build | Farm |
| 19:09 | Build | Farm |
| 19:10 | Build | Farm |
| 19:11 | Build | Farm |
| 19:12 | Build | Farm |
| 19:13 | Build | Farm |
| 19:35 | Build | Farm |
| 19:40 | Build | Farm |
| 19:47 | Build | Farm |
| 20:37 | Research | Stone Mining |
| 21:10 | Age | Castle Age |
| 21:29 | Create | Villager (Male) |
| 21:30 | Create | Villager (Male) |
| 21:30 | Create | Villager (Male) |
| 21:31 | Create | Villager (Male) |
| 21:31 | Create | Villager (Male) |
| 21:45 | Build | Castle |
| 22:10 | Research | Heavy Plow |
| 22:16 | Create | Villager (Male) |
| 22:17 | Create | Villager (Male) |
| 22:24 | Build | Farm |
| 23:07 | Create | Villager (Male) |
| 23:25 | Build | Town Center |
| 23:32 | Create | Villager (Male) |
| 23:43 | Create | Coustillier |
| 23:44 | Create | Coustillier |
| 23:48 | Create | Coustillier |
| 23:50 | Create | Coustillier |
| 24:37 | Build | Farm |
| 24:45 | Build | Farm |
| 24:54 | Build | Farm |
| 25:01 | Build | Farm |
| 25:05 | Build | Farm |
| 25:12 | Build | Farm |
| 25:17 | Create | Villager (Male) |
| 25:18 | Create | Villager (Male) |
| 25:18 | Create | Villager (Male) |
| 25:19 | Create | Villager (Male) |
| 25:19 | Create | Villager (Male) |
| 25:20 | Create | Villager (Male) |
| 25:30 | Create | Coustillier |
| 25:56 | Research | Wheelbarrow |
| 26:05 | Research | Gold Mining |
| 26:29 | Create | Villager (Male) |
| 26:29 | Create | Villager (Male) |
| 27:12 | Build | Town Center |
| 27:29 | Research | Scale Barding Armor |
| 27:31 | Research | Forging |
| 27:39 | Create | Villager (Male) |
| 28:06 | Build | Town Center |
| 28:17 | Build | Farm |
| 28:20 | Create | Villager (Male) |
| 28:24 | Create | Villager (Male) |
| 28:24 | Create | Villager (Male) |
| 28:25 | Create | Villager (Male) |
| 28:36 | Build | Lumber Camp |
| 28:40 | Create | Villager (Male) |
| 28:40 | Create | Villager (Male) |
| 28:41 | Create | Villager (Male) |
| 28:45 | Create | Villager (Male) |
| 28:48 | Create | Villager (Male) |
| 28:49 | Create | Villager (Male) |
| 28:51 | Build | Farm |
| 28:55 | Build | Farm |
| 28:56 | Build | Farm |
| 28:58 | Build | Farm |
| 29:00 | Build | Farm |
| 29:30 | Build | Barracks |
| 29:45 | Create | Villager (Male) |
| 29:45 | Create | Villager (Male) |
| 29:46 | Create | Villager (Male) |
| 30:33 | Research | Hand Cart |
| 30:35 | Create | Villager (Male) |
| 30:36 | Create | Villager (Male) |
| 30:36 | Create | Villager (Male) |
| 30:37 | Create | Villager (Male) |
| 31:14 | Create | Villager (Male) |
| 31:15 | Create | Villager (Male) |
| 31:15 | Create | Villager (Male) |
| 31:22 | Build | Farm |
| 31:24 | Build | Farm |
| 31:26 | Build | Farm |
| 31:27 | Build | Farm |
| 31:29 | Build | Farm |
| 31:30 | Build | Farm |
| 31:31 | Build | Farm |
| 31:35 | Create | Villager (Male) |
| 31:35 | Create | Villager (Male) |
| 31:38 | Create | Villager (Male) |
| 32:13 | Research | Fletching |
| 33:37 | Create | Coustillier ×5 |
| 33:40 | Research | Iron Casting |
| 33:41 | Research | Chain Barding Armor |
| 34:52 | Create | Villager (Male) |
| 35:13 | Build | Monastery |
| 37:06 | Research | Imperial Age |
| 37:18 | Build | Castle |
| 37:35 | Create | Monk |
| 37:40 | Create | Villager (Male) |
Build order — Ripper
First 150 of 391 actions detected
| 0:19 | Build | Town Center |
| 0:58 | Build | House |
| 0:59 | Build | House |
| 2:51 | Create | Villager (Male) |
| 2:51 | Create | Villager (Male) |
| 2:52 | Create | Villager (Male) |
| 2:52 | Create | Villager (Male) |
| 2:52 | Create | Villager (Male) |
| 3:58 | Research | Loom |
| 4:09 | Create | Villager (Male) |
| 4:09 | Create | Villager (Male) |
| 4:25 | Build | House |
| 4:58 | Create | Villager (Male) |
| 4:58 | Create | Villager (Male) |
| 4:59 | Create | Villager (Male) |
| 5:09 | Build | Palisade Wall |
| 5:10 | Build | Palisade Wall |
| 5:12 | Build | Palisade Wall |
| 5:14 | Build | Palisade Wall |
| 5:47 | Create | Villager (Male) |
| 5:48 | Create | Villager (Male) |
| 5:48 | Create | Villager (Male) |
| 6:42 | Build | Palisade Wall |
| 6:43 | Build | Palisade Wall |
| 6:44 | Build | Palisade Wall |
| 6:46 | Build | Palisade Wall |
| 6:53 | Create | Villager (Male) |
| 6:54 | Create | Villager (Male) |
| 6:54 | Create | Villager (Male) |
| 6:54 | Create | Villager (Male) |
| 6:55 | Create | Villager (Male) |
| 6:59 | Build | House |
| 8:27 | Create | Villager (Male) |
| 8:27 | Create | Villager (Male) |
| 8:27 | Create | Villager (Male) |
| 9:02 | Build | House |
| 9:06 | Build | House |
| 9:41 | Create | Villager (Male) |
| 9:42 | Create | Villager (Male) |
| 9:42 | Create | Villager (Male) |
| 9:42 | Create | Villager (Male) |
| 9:42 | Create | Villager (Male) |
| 10:29 | Build | Mill |
| 11:21 | Build | Outpost |
| 11:24 | Build | Palisade Wall |
| 11:25 | Build | Palisade Wall |
| 11:26 | Build | Palisade Wall |
| 11:27 | Build | Palisade Wall |
| 11:37 | Build | Mining Camp |
| 11:47 | Create | Villager (Male) |
| 12:17 | Build | Lumber Camp |
| 12:18 | Create | Villager (Male) |
| 12:18 | Create | Villager (Male) |
| 12:38 | Build | House |
| 12:45 | Research | Feudal Age |
| 13:30 | Build | House |
| 14:56 | Age | Feudal Age |
| 14:57 | Build | Market |
| 15:00 | Build | Blacksmith |
| 15:12 | Create | Villager (Male) |
| 15:12 | Create | Villager (Male) |
| 15:34 | Research | Double-Bit Axe |
| 16:30 | Research | Castle Age |
| 17:21 | Research | Gold Mining |
| 17:51 | Build | Farm |
| 17:51 | Build | Farm |
| 17:52 | Build | Farm |
| 18:09 | Build | Farm |
| 18:27 | Research | Horse Collar |
| 18:41 | Create | Villager (Male) |
| 18:42 | Create | Villager (Male) |
| 19:08 | Build | Farm |
| 19:10 | Age | Castle Age |
| 19:41 | Research | Heavy Plow |
| 19:42 | Research | Heavy Plow |
| 19:44 | Create | Villager (Male) |
| 20:25 | Build | Castle |
| 20:27 | Create | Villager (Male) |
| 20:27 | Create | Villager (Male) |
| 20:27 | Create | Villager (Male) |
| 20:38 | Build | Farm |
| 20:38 | Build | Farm |
| 20:39 | Build | Farm |
| 20:41 | Build | Farm |
| 21:23 | Build | Farm |
| 21:26 | Create | Villager (Male) |
| 21:27 | Create | Villager (Male) |
| 21:38 | Create | Villager (Male) |
| 21:38 | Create | Villager (Male) |
| 22:22 | Build | Town Center |
| 22:24 | Create | Villager (Male) |
| 22:24 | Create | Villager (Male) |
| 22:32 | Research | Bow Saw |
| 23:03 | Build | Mining Camp |
| 23:05 | Create | Villager (Male) |
| 23:06 | Create | Villager (Male) |
| 23:06 | Create | Villager (Male) |
| 23:11 | Research | Town Watch |
| 23:30 | Build | Mill |
| 23:33 | Create | Villager (Male) |
| 23:33 | Create | Villager (Male) |
| 23:48 | Research | Wheelbarrow |
| 23:53 | Create | Villager (Male) |
| 23:56 | Build | Farm |
| 23:56 | Build | Farm |
| 23:56 | Build | Farm |
| 23:56 | Build | Farm |
| 23:57 | Build | Farm |
| 23:57 | Build | Farm |
| 23:58 | Build | Farm |
| 23:58 | Build | Farm |
| 23:58 | Build | Farm |
| 23:58 | Build | Farm |
| 23:59 | Build | Farm |
| 23:59 | Build | Farm |
| 23:59 | Build | Farm |
| 24:00 | Build | Farm |
| 24:00 | Build | Farm |
| 24:00 | Build | Farm |
| 24:00 | Build | Farm |
| 24:01 | Build | Farm |
| 24:01 | Build | Farm |
| 24:01 | Build | Farm |
| 24:02 | Build | Farm |
| 24:02 | Build | Farm |
| 24:02 | Build | Farm |
| 24:19 | Build | Farm |
| 24:23 | Build | Farm |
| 24:26 | Build | Farm |
| 24:33 | Create | Villager (Male) |
| 24:33 | Create | Villager (Male) |
| 24:33 | Create | Villager (Male) |
| 25:05 | Build | Mill |
| 25:06 | Build | Farm |
| 25:06 | Build | Farm |
| 25:07 | Build | Farm |
| 25:07 | Build | Farm |
| 25:08 | Build | Farm |
| 25:09 | Build | Farm |
| 25:09 | Build | Farm |
| 25:13 | Create | Villager (Male) |
| 25:13 | Create | Villager (Male) |
| 25:13 | Create | Villager (Male) |
| 25:13 | Create | Villager (Male) |
| 25:40 | Research | Hand Cart |
| 25:43 | Create | Villager (Male) |
| 25:43 | Create | Villager (Male) |
| 25:44 | Create | Villager (Male) |
| 26:15 | Build | Barracks |
| 26:29 | Create | Villager (Male) |
Build order — tanbasu12345
116 actions detected in the replay
| 0:28 | Build | Town Center |
| 3:02 | Create | Villager (Male) |
| 3:02 | Create | Villager (Male) |
| 3:03 | Create | Villager (Male) |
| 3:03 | Create | Villager (Male) |
| 3:03 | Create | Villager (Male) |
| 3:03 | Create | Villager (Male) |
| 3:08 | Build | House |
| 4:07 | Research | Loom |
| 4:07 | Research | Loom |
| 4:18 | Build | House |
| 5:03 | Create | Villager (Male) |
| 5:03 | Create | Villager (Male) |
| 5:03 | Create | Villager (Male) |
| 5:35 | Create | Villager (Male) |
| 5:35 | Create | Villager (Male) |
| 6:04 | Create | Villager (Male) |
| 6:19 | Create | Villager (Male) |
| 6:19 | Create | Villager (Male) |
| 6:47 | Create | Villager (Male) |
| 6:47 | Create | Villager (Male) |
| 6:47 | Create | Villager (Male) |
| 6:52 | Build | House |
| 7:20 | Create | Villager (Male) |
| 7:20 | Create | Villager (Male) |
| 7:31 | Create | Villager (Male) |
| 7:31 | Create | Villager (Male) |
| 7:31 | Create | Villager (Male) |
| 7:35 | Build | Mill |
| 7:36 | Create | Villager (Male) |
| 7:36 | Create | Villager (Male) |
| 7:43 | Create | Villager (Male) |
| 7:43 | Create | Villager (Male) |
| 7:43 | Create | Villager (Male) |
| 8:31 | Build | House |
| 8:32 | Create | Villager (Male) |
| 8:32 | Create | Villager (Male) |
| 8:33 | Create | Villager (Male) |
| 8:49 | Create | Villager (Male) |
| 8:49 | Create | Villager (Male) |
| 8:49 | Create | Villager (Male) |
| 9:05 | Create | Villager (Male) |
| 9:05 | Create | Villager (Male) |
| 9:15 | Create | Villager (Male) |
| 9:34 | Create | Villager (Male) |
| 9:34 | Create | Villager (Male) |
| 9:46 | Create | Villager (Male) |
| 9:46 | Create | Villager (Male) |
| 9:46 | Create | Villager (Male) |
| 9:46 | Create | Villager (Male) |
| 9:58 | Create | Villager (Male) |
| 9:59 | Create | Villager (Male) |
| 9:59 | Create | Villager (Male) |
| 10:27 | Build | Lumber Camp |
| 10:28 | Create | Villager (Male) |
| 10:28 | Create | Villager (Male) |
| 10:39 | Create | Villager (Male) |
| 10:49 | Create | Villager (Male) |
| 10:49 | Create | Villager (Male) |
| 10:50 | Create | Villager (Male) |
| 10:50 | Create | Villager (Male) |
| 10:51 | Create | Villager (Male) |
| 11:04 | Research | Feudal Age |
| 11:05 | Research | Feudal Age |
| 11:37 | Build | Mining Camp |
| 12:29 | Build | House |
| 12:36 | Build | House |
| 12:42 | Build | Palisade Wall |
| 12:51 | Build | House |
| 13:04 | Create | Villager (Male) |
| 13:04 | Create | Villager (Male) |
| 13:14 | Age | Feudal Age |
| 13:19 | Build | Market |
| 13:21 | Build | Blacksmith |
| 13:22 | Create | Villager (Male) |
| 13:22 | Create | Villager (Male) |
| 14:16 | Research | Town Watch |
| 14:26 | Build | Blacksmith |
| 15:11 | Research | Castle Age |
| 15:11 | Research | Castle Age |
| 15:16 | Build | Outpost |
| 15:34 | Build | Outpost |
| 17:51 | Age | Castle Age |
| 17:55 | Build | Castle |
| 18:06 | Build | House |
| 18:12 | Build | House |
| 18:17 | Build | House |
| 18:20 | Build | House |
| 18:31 | Research | Fletching |
| 18:31 | Research | Fletching |
| 21:03 | Create | Villager (Male) |
| 21:03 | Create | Villager (Male) |
| 21:06 | Create | Mangudai |
| 21:06 | Create | Mangudai |
| 21:07 | Create | Mangudai |
| 21:07 | Create | Mangudai |
| 23:09 | Create | Villager (Male) |
| 23:09 | Create | Villager (Male) |
| 23:09 | Create | Villager (Male) |
| 23:09 | Create | Villager (Male) |
| 23:10 | Create | Villager (Male) |
| 23:10 | Create | Villager (Male) |
| 23:43 | Build | Siege Workshop |
| 24:09 | Create | Villager (Male) |
| 24:09 | Create | Villager (Male) |
| 26:09 | Create | Mangonel |
| 26:09 | Create | Mangonel |
| 26:35 | Create | Villager (Male) |
| 26:35 | Create | Villager (Male) |
| 26:47 | Build | Monastery |
| 27:39 | Create | Monk |
| 27:45 | Build | Farm |
| 27:49 | Build | Farm |
| 28:23 | Create | Monk |
| 28:23 | Create | Monk |
| 29:18 | Build | Lumber Camp |
Build order — An
115 actions detected in the replay
| 0:53 | Build | Town Center |
| 3:01 | Build | House |
| 3:18 | Create | Villager (Male) |
| 3:29 | Create | Villager (Male) |
| 3:30 | Create | Villager (Male) |
| 3:30 | Create | Villager (Male) |
| 3:30 | Create | Villager (Male) |
| 4:15 | Research | Loom |
| 4:16 | Create | Villager (Male) |
| 4:43 | Create | Villager (Male) |
| 5:22 | Build | House |
| 5:42 | Create | Villager (Male) |
| 5:42 | Create | Villager (Male) |
| 6:14 | Create | Villager (Male) |
| 6:53 | Create | Villager (Male) |
| 7:09 | Create | Villager (Male) |
| 7:09 | Create | Villager (Male) |
| 7:15 | Build | House |
| 7:34 | Create | Villager (Male) |
| 7:56 | Create | Villager (Male) |
| 7:56 | Create | Villager (Male) |
| 8:15 | Create | Villager (Male) |
| 9:06 | Build | House |
| 9:07 | Create | Villager (Male) |
| 9:27 | Build | Outpost |
| 9:28 | Build | Palisade Wall |
| 9:29 | Build | Palisade Wall |
| 9:30 | Build | Palisade Wall |
| 9:30 | Build | Palisade Wall |
| 9:33 | Create | Villager (Male) |
| 9:54 | Create | Villager (Male) |
| 10:22 | Build | House |
| 10:24 | Create | Villager (Male) |
| 10:39 | Build | Mining Camp |
| 10:41 | Create | Villager (Male) |
| 11:01 | Create | Villager (Male) |
| 11:30 | Build | Mill |
| 11:45 | Create | Villager (Male) |
| 12:01 | Create | Villager (Male) |
| 12:56 | Build | Mining Camp |
| 13:11 | Create | Villager (Male) |
| 13:40 | Research | Feudal Age |
| 15:54 | Age | Feudal Age |
| 15:57 | Create | Villager (Male) |
| 15:57 | Create | Villager (Male) |
| 16:01 | Build | Market |
| 16:04 | Build | Blacksmith |
| 16:54 | Research | Castle Age |
| 17:18 | Research | Stone Mining |
| 17:30 | Build | Outpost |
| 17:55 | Build | Lumber Camp |
| 18:16 | Build | Watch Tower |
| 19:33 | Build | Stone Wall |
| 19:34 | Age | Castle Age |
| 19:36 | Build | Stone Wall |
| 19:38 | Build | Stone Wall |
| 19:47 | Build | Stone Wall |
| 19:57 | Build | Gate |
| 20:00 | Build | Gate |
| 20:14 | Build | Stone Wall |
| 20:15 | Build | Gate |
| 20:32 | Create | Villager (Male) |
| 21:30 | Build | Castle |
| 22:21 | Build | Siege Workshop |
| 23:21 | Create | Battering Ram |
| 23:37 | Build | Town Center |
| 24:11 | Create | Villager (Male) |
| 24:25 | Create | War Wagon |
| 25:16 | Create | Battering Ram |
| 25:27 | Create | Villager (Male) |
| 25:35 | Create | War Wagon |
| 26:16 | Create | War Wagon |
| 26:17 | Create | Villager (Male) |
| 26:43 | Create | Villager (Male) |
| 27:21 | Create | Villager (Male) |
| 27:30 | Create | War Wagon |
| 27:34 | Build | University |
| 27:49 | Research | Fletching |
| 27:55 | Create | Villager (Male) |
| 28:32 | Create | Villager (Male) |
| 28:35 | Build | Farm |
| 28:37 | Build | Farm |
| 28:38 | Create | Villager (Male) |
| 28:52 | Create | War Wagon |
| 29:54 | Research | Ballistics |
| 30:13 | Create | Villager (Male) |
| 30:30 | Create | Villager (Male) |
| 30:41 | Research | Wheelbarrow |
| 30:47 | Create | War Wagon |
| 30:57 | Create | Villager (Male) |
| 31:15 | Create | Villager (Male) |
| 31:18 | Create | Villager (Male) |
| 31:53 | Build | Stone Wall |
| 32:03 | Create | Villager (Male) |
| 32:20 | Create | Villager (Male) |
| 32:32 | Create | Villager (Male) |
| 33:08 | Build | Stone Wall |
| 33:11 | Build | Gate |
| 33:20 | Build | Farm |
| 33:23 | Build | Farm |
| 33:29 | Build | Farm |
| 33:30 | Build | Farm |
| 33:31 | Build | Farm |
| 33:33 | Create | Villager (Male) |
| 33:36 | Build | Lumber Camp |
| 33:43 | Build | Stone Wall |
| 33:46 | Build | Gate |
| 34:00 | Build | Farm |
| 34:02 | Create | Villager (Male) |
| 34:03 | Create | Villager (Male) |
| 34:25 | Create | Villager (Male) |
| 34:30 | Build | Stone Wall |
| 34:32 | Build | Gate |
| 34:40 | Build | Stone Wall |
| 34:41 | Build | Stone Wall |
Match timeline
| 5:09 | Ripper · wall_segment Palisade Wall x1 |
| 5:10 | Ripper · wall_segment Palisade Wall x1 |
| 5:12 | Ripper · wall_segment Palisade Wall x1 |
| 5:14 | Ripper · wall_segment Palisade Wall x1 |
| 6:42 | Ripper · wall_segment Palisade Wall x1 |
| 6:43 | Ripper · wall_segment Palisade Wall x1 |
| 6:44 | Ripper · wall_segment Palisade Wall x1 |
| 6:46 | Ripper · wall_segment Palisade Wall x1 |
| 7:04 | KangaRUU · wall_segment Palisade Wall x2 |
| 7:17 | KangaRUU · wall_segment Palisade Wall x6 |
| 7:20 | speks · first_building Barracks |
| 9:28 | An · wall_segment Palisade Wall x1 |
| 9:29 | An · wall_segment Palisade Wall x1 |
| 9:30 | An · wall_segment Palisade Wall x1 |
| 9:30 | An · wall_segment Palisade Wall x1 |
| 11:24 | Ripper · wall_segment Palisade Wall x1 |
| 11:25 | Ripper · wall_segment Palisade Wall x1 |
| 11:26 | Ripper · wall_segment Palisade Wall x1 |
| 11:27 | Ripper · wall_segment Palisade Wall x1 |
| 12:03 | tugou · age_up feudal |
| 12:42 | tanbasu12345 · wall_segment Palisade Wall x1 |
| 13:14 | tanbasu12345 · age_up feudal |
| 13:30 | emp2007 · age_up feudal |
| 14:00 | IcedTrain · first_building Barracks |
| 14:23 | speks · wall_segment Palisade Wall x12 |
| 14:28 | speks · wall_segment Palisade Wall x11 |
| 14:34 | speks · wall_segment Palisade Wall x9 |
| 14:56 | Ripper · age_up feudal |
| 14:58 | tanbasu12345 · first_market_buy 100 food |
| 15:02 | tanbasu12345 · first_market_sell 100 stone |
| 15:12 | IcedTrain · age_up feudal |
| 15:54 | An · age_up feudal |
| 15:57 | KangaRUU · wall_segment Palisade Wall x18 |
| 16:29 | IcedTrain · first_market_sell 100 wood |
| 16:33 | speks · wall_segment Palisade Wall x1 |
| 16:47 | speks · wall_segment Palisade Wall x6 |
| 17:19 | emp2007 · first_market_buy 100 food |
| 17:31 | speks · age_up feudal |
| 17:51 | tanbasu12345 · age_up castle |
| 17:55 | tanbasu12345 · first_building Castle |
| 18:19 | emp2007 · first_market_sell 100 wood |
| 18:24 | KangaRUU · age_up feudal |
| 19:10 | Ripper · age_up castle |
| 19:32 | IcedTrain · age_up castle |
| 19:33 | An · wall_segment Stone Wall x5 |
| 19:34 | An · age_up castle |
| 19:36 | An · wall_segment Stone Wall x2 |
| 19:38 | An · wall_segment Stone Wall x6 |
| 19:39 | KangaRUU · wall_segment Stone Wall x3 |
| 19:42 | KangaRUU · wall_segment Stone Wall x9 |
| 19:47 | An · wall_segment Stone Wall x2 |
| 19:52 | speks · wall_segment Stone Wall x10 |
| 20:14 | An · wall_segment Stone Wall x5 |
| 20:25 | Ripper · first_building Castle |
| 20:30 | KangaRUU · wall_segment Stone Wall x8 |
| 20:38 | KangaRUU · wall_segment Stone Wall x6 |
| 21:05 | KangaRUU · wall_segment Stone Wall x7 |
| 21:07 | KangaRUU · wall_segment Stone Wall x1 |
| 21:09 | KangaRUU · wall_segment Stone Wall x1 |
| 21:10 | emp2007 · age_up castle |
| 21:27 | KangaRUU · wall_segment Stone Wall x7 |
| 21:30 | An · first_building Castle |
| 21:45 | emp2007 · first_building Castle |
| 21:58 | KangaRUU · first_building Barracks |
| 22:07 | Ripper · first_market_buy 100 wood |
| 22:21 | An · first_building Siege Workshop |
| 23:12 | tugou · age_up castle |
| 23:16 | An · first_market_sell 100 wood |
| 23:43 | tanbasu12345 · first_building Siege Workshop |
| 24:05 | speks · wall_segment Stone Wall x5 |
| 25:20 | IcedTrain · first_building Archery Range |
| 25:42 | KangaRUU · wall_segment Stone Wall x11 |
| 25:55 | tugou · first_building Monastery |
| 26:00 | speks · first_building Stable |
| 26:01 | Ripper · tribute_sent a jugador 1 |
| 26:01 | Ripper · tribute_sent a jugador 2 |
| 26:01 | Ripper · tribute_sent a jugador 3 |
| 26:01 | Ripper · tribute_sent a jugador 4 |
| 26:01 | Ripper · tribute_sent a jugador 6 |
| 26:01 | Ripper · tribute_sent a jugador 7 |
| 26:01 | Ripper · tribute_sent a jugador 8 |
| 26:15 | Ripper · first_building Barracks |
| 26:47 | tanbasu12345 · first_building Monastery |
| 27:02 | Ripper · first_building Stable |
| 28:18 | tugou · first_building Barracks |
| 28:32 | speks · age_up castle |
| 28:40 | tugou · first_building Castle |
| 29:10 | tugou · first_building Stable |
| 29:30 | emp2007 · first_building Barracks |
| 30:40 | tanbasu12345 · resign |
| 31:12 | tugou · age_up imperial |
| 31:31 | tugou · first_building Siege Workshop |
| 31:53 | An · wall_segment Stone Wall x18 |
| 32:03 | speks · first_building Siege Workshop |
| 33:00 | KangaRUU · age_up castle |
| 33:07 | KangaRUU · first_building Castle |
| 33:08 | An · wall_segment Stone Wall x9 |
| 33:43 | An · wall_segment Stone Wall x5 |
| 33:43 | Ripper · first_market_sell 100 wood |
| 34:30 | An · wall_segment Stone Wall x10 |
| 34:40 | An · wall_segment Stone Wall x1 |
| 34:41 | An · wall_segment Stone Wall x1 |
| 35:13 | emp2007 · first_building Monastery |
| 35:28 | IcedTrain · first_building Castle |
| 36:25 | speks · first_building Castle |
| 38:45 | Ripper · age_up imperial |
| 40:16 | emp2007 · age_up imperial |
[ AI ANALYSIS · 1 CREDIT ]
What really happened in this match?
Wolo.gg analyzes every decision: build order, eco, micro, common mistakes by bracket. Personalized analysis on WhatsApp or Discord in 30 seconds.
Civ guide
Aztecs
Map guide
Land Nomad
Perfil
KangaRUU